 Dungeon Crawl Stone Soup version 0.31-a0-818-ge7c7cf74f0 (webtiles) character file.

Game seed: 18264495845133695559

3 avis the Changeling (level 1, 0/9 HPs)
             Began as a Felid Shapeshifter on Sept 23, 2023.
             Frozen to death by an endoplasm (2 damage)
             ... on level 1 of the Dungeon.
             The game lasted 00:01:04 (74 turns).

avis the Changeling (Felid Shapeshifter)              Turns: 74, Time: 00:01:04

Health: 0/9        AC:  1    Str: 10    XL:     1   Next: 41%
Magic:  2/2        EV: 17    Int: 11    God:
Gold:   0          SH:  0    Dex: 15    Spells: 0/0 levels left
                                        Lives:  0   Deaths: 1

rFire   . .          .
                       - Unarmed
rCold   . . .        (shield unavailable)
rNeg    . . .        (body armour unavailable)
rPois   .            (helmet unavailable)
rElec   .            (cloak unavailable)
rCorr   .            (gloves unavailable)
SInv    +            (boots unavailable)
Will    .....        (no amulet)
Stlth   +            (no ring)
HPRegen 0.21/turn    (no ring)
MPRegen 0.08/turn

%: no passive effects
@: beast-form, quick
A: beast (slay +1), very small, claws 1, fangs 3, see invisible, speed 1, shaggy
fur 1, stealthy paws, no weapons or thrown items, no armour, multi-lived
a: Begin Untransformation


You were on level 1 of the Dungeon.
You were a hulking beast.
You visited 1 branch of the dungeon, and saw 1 of its levels.

Inventory:

Talismans
 b - a beast talisman (active)
 c - a flux talisman
Potions
 a - a potion of lignification


   Skills:
 + Level 1.1 Fighting
 + Level 2.8 Dodging
 + Level 3.0 Unarmed Combat
 + Level 3.3 Shapeshifting


You couldn't memorise any spells.
You didn't know any spells.
Your spell library was empty.

Dungeon Overview and Level Annotations

Branches:
Dungeon (1/15)

Altars:


Innate Abilities, Weirdness & Mutations

You are a hulking beast.
Your limbs bulge with bestial killing power. (Slay +1)
You have sharp claws.
You have razor-sharp teeth.
You have supernaturally acute eyesight. (SInv)
You cover ground quickly. (Speed+)
You are covered in fur. (AC +1)
Your paws help you pounce on unaware monsters.
You are incapable of wielding weapons or throwing items.
You cannot wear armour.
You gain extra lives every three experience levels.


Message History

Found a fizzy green potion.
Found a lumpy silvery potion.
You closely miss the quokka. Your bite misses the quokka.
The quokka barely misses you. The quokka closely misses you.
You closely miss the quokka. The quokka closely misses you.
You scratch the quokka.
The quokka is almost dead.
The quokka misses you.
You barely miss the quokka.
The quokka is almost dead.
The quokka bites you.
You barely miss the quokka.
The quokka is almost dead.
The quokka bites you.
* * * LOW HITPOINT WARNING * * *
You miss the quokka. Your claw misses the quokka.
The quokka is almost dead.
The quokka barely misses you.
You scratch the quokka.
You kill the quokka!
The endoplasm attacks as it pursues you!
The endoplasm barely misses you.
You see here a fizzy green potion.
The endoplasm freezes you.
You are frozen.
Ouch! That really hurt!
You die...
Your shape twists and changes as you die.
You rejoin the land of the living...
A kobold opens the gate.
There is an open gate here.
The endoplasm freezes you.
You are frozen.
Ouch! That really hurt!
The endoplasm freezes you.
You are frozen.
* * * LOW HITPOINT WARNING * * *
The endoplasm freezes you.
You are frozen.
You die...

.# #. ......... ...###+ #.#
#.......
.#.....#######.###.....#
###........!...!.........#
..........g.†............#
#........K##'''##...>...#
#.######†#..g..#.##.......
...#....#...K.#.......#.####
#.#....#..hJ.#..#.####....#
#......#...J.#..#... ......
####.##.##'''##..#.###......
#..J..#.......##.#.###......
#...#................#......
.......###...##.......#.......#
....... #......##.....##.######
....... #.)....##.....##.†#####
....... #......##..............


You could see 2 endoplasms, a hobgoblin and a kobold.

Vanquished Creatures
  A ball python (D:1)
  A quokka (D:1)
  A rat (D:1)
3 creatures vanquished.

Notes
Turn   | Place    | Note
-------+----------+-------------------------------------------
     0 | D:1      | avis the Felid Shapeshifter began the quest for the Orb.
     0 | D:1      | Reached XP level 1. HP: 9/9 MP: 2/2
    61 | D:1      | Frozen to death by an endoplasm
    74 | D:1      | Frozen to death by an endoplasm

Illustrated notes

Levels and vault maps discovered:
D:1:      dpeg_arrival_windows_large_door, layout_basic, minmay_misc_feat_doors,
          skrybe_limestone_x

Action                     || total
---------------------------++-------
  Melee: Unarmed           ||    11
 Armour: Skin              ||     3
  Dodge: Dodged            ||     9

Table legend: (Time is in decaauts)
 A = Elapsed time spent in this place.
 B = Non-inter-level travel time spent in this place.
 C = Inter-level travel time spent in this place.
 D = Time resting spent in this place.
 E = Time spent auto-exploring this place.
 F = Levels seen in this place.
 G = Mean time per level.
                   A        B        C        D        E       F      G
               +--------+--------+--------+--------+--------+-----+--------+
         Total |     61 |     61 |      0 |      0 |      8 |   1 |   61.0 |
       Dungeon |     61 |     61 |      0 |      0 |      8 |   1 |   61.0 |
               +--------+--------+--------+--------+--------+-----+--------+

Top non-repeatable levels by time:
     D:1: 61 daAuts
